 Dungeon Crawl Stone Soup version 0.19-a0-1888-g6ba2374 (webtiles) character file.

19156 Naow the Cleaver (level 13, -3/86 HPs)
             Began as a Formicid Fighter on Oct 17, 2016.
             Was a High Priest of Okawaru.
             Slain by a water elemental (7 damage)
             ... on level 11 of the Dungeon.
             The game lasted 00:33:06 (12304 turns).

Naow the Cleaver (Formicid Fighter)                Turns: 12304, Time: 00:33:07

Health: -3/86      AC: 15    Str: 25    XL:     13   Next: 2%
Magic:  18/20      EV: 14    Int:  9    God:    Okawaru [*****.]
Gold:   741        SH: 17    Dex: 16    Spells: 0 memorised, 12 levels left

rFire  . . .     SeeInvis +     G - +1 war axe (elec)
rCold  . . .     Gourm    .     Z - +1 ring mail "Ryle" {-Tele +Fly rCorr Dex+6} (curse)
rNeg   . . .     Faith    .     c - +0 shield
rPois  +         Spirit   .     (helmet unavailable)
rElec  .         Dismiss  .     N - +0 cloak
rCorr  +         Reflect  +     q - +1 pair of gloves
MR     ++...     Harm     .     E - +0 pair of boots
Stlth  ++........               U - +2 amulet of reflection
                                w - ring of protection from magic
                                y - ring of poison resistance

@: heroism, engulfed (cannot breathe)
A: permanent stasis, dig shafts and tunnels, four strong arms, antennae 3
a: Dig, Shaft Self, Heroism, Finesse, Renounce Religion, Evoke Flight


You were on level 11 of the Dungeon.
You worshipped Okawaru.
Okawaru was extremely pleased with you.
You were not hungry.

You visited 1 branch of the dungeon, and saw 13 of its levels.
You also visited: Ossuary.

You collected 741 gold pieces.

Inventory:

Hand Weapons
 G - a +1 war axe of electrocution (weapon)
Armour
 c - a +0 shield (worn)
 q - a +1 pair of gloves (worn)
 E - a +0 pair of boots (worn)
 L - a +0 plate armour
 N - a +0 cloak (worn)
 Z - the cursed +1 ring mail "Ryle" (worn) {-Tele +Fly rCorr Dex+6}
   (You found it on level 11 of the Dungeon)

   It affects your dexterity (+6).
   It lets you fly.
   It prevents most forms of teleportation.
   It protects you from acid and corrosion.
   It has a curse placed upon it.
Jewellery
 b - a +3 ring of protection {unknown}
 w - a ring of protection from magic (right hand)
 y - a ring of poison resistance (left hand)
 U - a +2 amulet of reflection (around neck)
 W - an uncursed ring of fire {unknown}
Wands
 a - a wand of confusion (12/48)
 j - a wand of digging (9/24)
 u - a wand of lightning (5/15)
 F - a wand of iceblast (1/15)
 P - a wand of disintegration (12/24)
 V - a wand of polymorph (13/24)
 Y - a wand of lightning (4/15)
Scrolls
 e - 8 scrolls of identify
 h - 5 scrolls of teleportation {unknown}
 k - 4 scrolls of random uselessness {unknown}
 o - 3 scrolls of remove curse
 s - 2 scrolls of fog
 t - a scroll of recharging
 O - 2 scrolls of noise {unknown}
 Q - 2 scrolls of fear
 R - 3 scrolls of magic mapping {unknown}
 S - 2 scrolls of enchant weapon
Potions
 d - 5 potions of might
 g - 3 potions of brilliance
 l - a potion of beneficial mutation {unknown}
 p - 4 potions of curing
 v - a potion of cure mutation {unknown}
 x - a potion of degeneration {unknown}
 z - a potion of agility {unknown}
 A - 3 potions of lignification {unknown}
 B - 2 potions of heal wounds
 C - 4 potions of flight
 J - 2 potions of cancellation {unknown}
 T - a potion of ambrosia {unknown}
Books
 i - a book of Conjurations

   Spells                             Type                      Level
   a - Magic Dart                     Conjuration                  1
   b - Searing Ray                    Conjuration                  2
   c - Dazzling Spray                 Conjuration/Hexes            3
   d - Fulminant Prism                Conjuration/Hexes            4
   e - Iskenderun's Mystic Blast      Conjuration                  4
   f - Iskenderun's Battlesphere      Conjuration/Charms           5
 H - the Disquisition on Air and Changing
   (You found it on level 5 of the Dungeon)

   Spells                             Type                      Level
   a - Beastly Appendage              Transmutation                1
   b - Swiftness                      Charms/Air                   2
   c - Petrify                        Transmutation/Earth          4
   d - Silence                        Hexes/Air                    5
 I - a book of Frost

   Spells                             Type                      Level
   a - Freeze                         Ice                          1
   b - Throw Frost                    Conjuration/Ice              2
   c - Ozocubu's Armour               Charms/Ice                   3
   d - Throw Icicle                   Conjuration/Ice              4
   e - Summon Ice Beast               Ice/Summoning                4
 K - a book of Changes

   Spells                             Type                      Level
   a - Beastly Appendage              Transmutation                1
   b - Sticks to Snakes               Transmutation                2
   c - Spider Form                    Transmutation/Poison         3
   d - Ice Form                       Ice/Transmutation            4
   e - Blade Hands                    Transmutation                5
 X - a book of Maledictions

   Spells                             Type                      Level
   a - Corona                         Hexes                        1
   b - Ensorcelled Hibernation        Hexes/Ice                    2
   c - Confuse                        Hexes                        3
   d - Tukima's Dance                 Hexes                        3
   e - Dazzling Spray                 Conjuration/Hexes            3
Comestibles
 f - 12 bread rations
 n - 25 fruits
 r - 4 meat rations
 D - 10 beef jerkies
 M - 2 slices of pizza


   Skills:
 - Level 3.2(8.2) Fighting
 + Level 12.7(17.7) Axes
 - Level 10.2(15.2) Armour
 - Level 12.4(17.4) Shields
 - Level 10.4 Invocations


You had 12 spell levels left.
You didn't know any spells.

Dungeon Overview and Level Annotations

Branches:
Dungeon (13/15)            Temple (0/1) D:4
   Lair: D:8-11         Orc: D:9-12      Vaults: D:13-14

Altars:
Cheibriados
Fedhas
Gozag
Makhleb
Nemelex Xobeh
Okawaru
Qazlal
Sif Muna
Uskayaw
Yredelemnul

Shops:
D:3 *   D:5 ?

Annotations:
D:7 exclusion: electric eel


Innate Abilities, Weirdness & Mutations

You are under a permanent stasis effect.
You can dig through walls and to a lower floor.
Your four strong arms can wield two-handed weapons with a shield.
You have a pair of large antennae on your head. (SInv)


Message History

* * * LOW HITPOINT WARNING * * *
Your lungs strain for air!
The water elemental closely misses you. You block the slime creature's attack.
You are too injured to fight recklessly!
You gain the combat prowess of a mighty hero.
* * * LOW HITPOINT WARNING * * *
Your lungs strain for air!
You block the water elemental's attack. You block the slime creature's attack.
You are too injured to fight recklessly!
You barely miss the water elemental.
The water elemental is heavily damaged.
You barely miss the slime creature.
* * * LOW HITPOINT WARNING * * *
Your lungs strain for air!
The water elemental closely misses you.
You feel better.
* * * LOW HITPOINT WARNING * * *
Your lungs strain for air!
You block the slime creature's attack. The water elemental hits you!
You die...

.# #
###.######
#........#
#.......J#
#......@.#
#......E.#
#........#
#........#
#........#
#........#
#....)....
#........#


You could see a slime creature and a water elemental.

Vanquished Creatures
  The ghost of Zigma the Grappler, a journeyman DrMo of Makhleb (D:12)
  Harold (D:10)
  An unseen horror (D:12)
  3 hill giants
  A cyclops (D:12)
  3 slime creatures
  Joseph (D:8)
  Psyche (D:8)
  A gargoyle (D:12)
  The ghost of GsBirdie the Cleaver, a novice MiBe of Trog (D:5)
  A komodo dragon (D:12)
  A kobold demonologist (D:12)
  5 trolls
  2 hippogriffs
  Sigmund (D:4)
  2 wyverns
  20 yaks
  Eustachio (D:6)
  3 hungry ghosts
  Grum (D:8)
  Menkaure (D:7)
  Edmund (D:5)
  Duvessa (D:5)
  3 porcupines (D:11)
  10 orc warriors
  2 sky beasts
  A black bear (D:8)
  3 ogres
  2 ice beasts (D:9)
  A boggart (D:12)
  3 phantoms
  2 centaurs (D:7)
  4 wolves (D:8)
  10 bullfrogs
  An elf zombie (Ossuary)
  2 gnoll sergeants (D:6)
  Blork the orc (D:6)
  2 big kobolds
  A wyvern zombie (D:12)
  Dowan (D:5)
  A wyvern skeleton (D:9)
  4 scorpions
  18 killer bees
  2 wights (D:12)
  2 howler monkeys
  8 crimson imps
  2 quasits (D:12)
  A bullfrog zombie (D:12)
  7 hounds
  2 jellies
  3 centaur skeletons
  An orc priest (D:12)
  Crazy Yiuf (D:5)
  4 bullfrog skeletons
  4 iguanas
  Natasha (thrice) (D:3)
  12 orc wizards
  2 worker ants
  A big kobold zombie (Ossuary)
  2 hound zombies
  4 mummies (Ossuary)
  4 worker ant zombies
  6 gnolls
  A howler monkey skeleton (D:4)
  2 river rats (D:11)
  12 adders
  A shadow imp (D:12)
  3 adder skeletons
  2 adder zombies
  2 worms
  A dart slug (D:1)
  5 leopard geckos
  39 orcs
  4 giant cockroaches
  8 goblins
  4 hobgoblins
  2 jackals (D:1)
  3 quokkas
  5 bats
  4 frilled lizards
  3 goblin zombies (Ossuary)
  3 hobgoblin zombies (Ossuary)
  A jackal skeleton (D:5)
  A jackal zombie (Ossuary)
  15 kobolds
  A kobold zombie (Ossuary)
  2 leopard gecko skeletons
  A quokka skeleton (D:8)
  5 rats
  2 rat zombies (Ossuary)
329 creatures vanquished.

Vanquished Creatures (others)
  A centaur (D:12)
  A killer bee (D:12)
  An orc (D:12)
  A plant (D:11)
4 creatures vanquished.

Grand Total: 333 creatures vanquished

Notes
Turn   | Place    | Note
-------+----------+-------------------------------------------
     0 | D:1      | Naow the Formicid Fighter began the quest for the Orb.
     0 | D:1      | Reached XP level 1. HP: 18/18 MP: 1/1
    46 | D:1      | Reached XP level 2. HP: 24/24 MP: 2/2
   136 | D:2      | Reached XP level 3. HP: 29/29 MP: 3/3
   236 | D:2      | Found an iron altar of Okawaru.
   253 | D:2      | Became a worshipper of Warmaster Okawaru
   677 | D:1      | Reached XP level 4. HP: 35/35 MP: 4/4
  1086 | D:3      | Found an opulent altar of Gozag.
  1090 | D:3      | Found Gozag's Platinum Reserve.
  1144 | D:3      | Noticed Natasha
  1156 | D:3      | Killed Natasha
  1156 | D:3      | Reached XP level 5. HP: 18/41 MP: 5/5
  1357 | D:3      | Noticed Natasha
  1368 | D:3      | Killed Natasha
  1368 | D:3      | Reached skill level 5 in Axes
  1469 | D:3      | Noticed Natasha
  1473 | D:3      | Killed Natasha
  1950 | D:4      | Reached XP level 6. HP: 47/47 MP: 6/6
  2024 | D:4      | Reached * piety under Okawaru
  2068 | D:4      | Noticed a phantom
  2094 | D:4      | Found a sparkling altar of Nemelex Xobeh.
  2129 | D:4      | Killed a phantom
  2186 | D:4      | Reached skill level 1 in Invocations
  2186 | D:4      | Reached XP level 7. HP: 48/52 MP: 7/7
  2290 | D:4      | Found a deep blue altar of Sif Muna.
  2443 | D:4      | Found a staircase to the Ecumenical Temple.
  2702 | D:4      | Noticed Sigmund
  2709 | D:4      | Killed Sigmund
  2849 | D:5      | Entered Level 5 of the Dungeon
  2859 | D:5      | Identified the Disquisition on Air and Changing
  2891 | D:5      | Noticed Edmund
  2914 | D:5      | Killed Edmund
  2914 | D:5      | Reached skill level 5 in Invocations
  3102 | D:5      | Found Comaril's Magic Scroll Shoppe.
  3103 | D:5      | Reached XP level 8. HP: 58/58 MP: 10/12
  3149 | D:5      | Found a blossoming altar of Fedhas.
  3166 | D:5      | Reached ** piety under Okawaru
  3255 | D:5      | Noticed Duvessa
  3255 | D:5      | Noticed GsBirdie's ghost (novice MiBe)
  3324 | D:5      | Noticed Dowan
  3849 | D:6      | HP: 2/58 [orc warrior/trident (16)]
  4639 | D:6      | Noticed Eustachio
  4688 | D:6      | Killed Eustachio
  4688 | D:6      | Reached XP level 9. HP: 34/64 MP: 13/13
  4745 | D:6      | Found a basalt altar of Yredelemnul.
  5029 | D:6      | Reached skill level 10 in Axes
  5163 | D:6      | Noticed Blork the orc
  5174 | D:6      | Killed Blork the orc
  5288 | D:5      | Killed GsBirdie's ghost
  5288 | D:5      | Reached *** piety under Okawaru
  5297 | D:5      | Killed Duvessa
  5304 | D:5      | Killed Dowan
  5808 | D:5      | Found a runed door.
  5812 | D:5      | Noticed Crazy Yiuf
  5816 | D:5      | Killed Crazy Yiuf
  5979 | D:6      | Reached **** piety under Okawaru
  6363 | D:7      | Reached XP level 10. HP: 58/70 MP: 14/14
  6660 | D:7      | Noticed Menkaure
  6667 | D:7      | Killed Menkaure
  6667 | D:7      | Received a gift from Okawaru
  6892 | D:7      | Reached skill level 5 in Armour
  7174 | D:7      | Found a stormy altar of Qazlal.
  7207 | D:7      | Found a burning altar of Makhleb.
  8184 | D:8      | Found a snail-covered altar of Cheibriados.
  8185 | D:8      | Noticed Grum
  8205 | D:8      | Noticed Psyche
  8211 | D:8      | Killed Grum
  8227 | D:8      | Killed Psyche
  8227 | D:8      | Reached ***** piety under Okawaru
  8261 | D:8      | Noticed Joseph
  8261 | D:8      | Reached XP level 11. HP: 60/75 MP: 15/15
  8283 | D:8      | Killed Joseph
  8342 | D:8      | Found a sand-covered staircase.
  8352 | Ossuary  | Entered an ossuary
  8720 | D:8      | Reached skill level 10 in Armour
  8985 | D:9      | Received a gift from Okawaru
  8985 | D:9      | Reached skill level 5 in Shields
  9254 | D:9      | Found a hide-covered altar of Uskayaw.
  9430 | D:10     | Entered Level 10 of the Dungeon
  9430 | D:10     | Noticed a hill giant
  9441 | D:10     | Killed a hill giant
  9451 | D:10     | Noticed Harold
  9465 | D:10     | Killed Harold
  9602 | D:10     | Reached skill level 10 in Shields
  9849 | D:10     | Reached XP level 12. HP: 39/81 MP: 16/16
 10200 | D:11     | Got a brightly glowing ring mail
 10211 | D:11     | Identified the cursed +1 ring mail "Ryle" {-Tele +Fly rCorr Dex+6} (You found it on level 11 of the Dungeon)
 10304 | D:11     | Received a gift from Okawaru
 10324 | D:11     | You fall through a shaft for 2 floors!
 10795 | D:12     | Found a labyrinth entrance.
 10969 | D:12     | Noticed an unseen horror
 10983 | D:12     | Killed an unseen horror
 11005 | D:12     | Noticed Zigma's ghost (journeyman DrMo)
 11040 | D:12     | Killed Zigma's ghost
 11304 | D:12     | Received a gift from Okawaru
 11605 | D:12     | Reached skill level 10 in Invocations
 12220 | D:12     | Reached XP level 13. HP: 86/86 MP: 20/20
 12304 | D:11     | HP: 3/86 [drowned by a water elemental (9)]
 12304 | D:11     | Slain by a water elemental

Vault maps used:
D:1:      kennysheep_arrival_forest
D:2:      minmay_misc_feat_diagonals, okawaru_ov_weapons_minmay
D:3:      nicolae_gozag_zags_fifth_avenue, grunt_ministairs_2, uniq_natasha
D:4:      led_sif_pool, nicolae_overflow_crystal_walls, minmay_misc_feat_cross,
          kennysheep_nub, uniq_sigmund
D:5:      fedhas_altar_1, first_bread, serial_shops, kennysheep_little_box,
          uniq_crazy_yiuf_cottage, uniq_edmund, uniq_duvessa
D:6:      yredelemnul_altar_generic, sword_in_stone, uniq_eustachio,
          uniq_blork_the_orc
D:7:      makhleb_heckhound_becter, lemuel_coloured_pillars_altar,
          nicolae_lava_and_water, grunt_ogre_cave, uniq_menkaure
D:8:      lemuel_round_altar, enter_ossuary_1, uniq_joseph, uniq_grum,
          uniq_psyche
D:9:      eat_drink_and_be_merry_uskayaw, st_stairs_1, grunt_potential
D:10:     uniq_harold
D:11:     minmay_lair_entry_grove, erik_orc_1, serial_shops, shop_statue,
          minivault_24, uniq_urug
D:12:     minmay_four_partial_circles, lab_entry_generic
D:13:     serial_column_ruins, column_ruins_hut_pillars,
          column_ruins_courtyard_long, column_ruins_columns_corner,
          column_ruins_open_small, column_ruins_open_small,
          column_ruins_corridor_straight, column_ruins_open_tiny
Ossuary:  ossuary_minmay_tomb_2a

Skill      XL: |  1  2  3  4  5  6  7  8  9 10 11 12 |
---------------+-------------------------------------+-----
Axes           | 3 4 5 6 9 12 | 12.7
Invocations    | 1 5 10 | 10.4
Armour         | 9 10 | 10.2
Shields        | 10 12 | 12.4
Fighting       | |  3.2

Action                   |  1- 3 |  4- 6 |  7- 9 | 10-12 | 13-15 || total
-------------------------+-------+-------+-------+-------+-------++-------
Melee: War axe           |   113 |   105 |   342 |   745 |    19 ||  1324
Invok: Heroism           |       |       |    12 |    14 |     1 ||    27
       Finesse           |       |       |       |     1 |       ||     1
 Abil: Shaft Self        |       |       |       |     1 |       ||     1
Evoke: Wand              |       |       |     3 |       |       ||     3
  Use: Scroll            |       |       |    13 |       |       ||    13
       Potion            |       |       |     1 |       |     1 ||     2
  Eat: Chunk             |       |     4 |    12 |    19 |     1 ||    36
       Fruit             |       |       |     2 |       |       ||     2
       Bread ration      |       |       |       |     1 |       ||     1
Armor: Scale mail        |    66 |    47 |   113 |       |       ||   226
       Plate armour      |       |       |    48 |   247 |       ||   295
       Ring mail         |       |       |       |    32 |     6 ||    38
Dodge: Dodged            |    25 |    27 |   150 |   161 |     9 ||   372
Block: Shield            |    76 |    45 |   215 |   407 |    20 ||   763
       Reflection        |       |       |       |     6 |       ||     6
